Map: Turbo Cruise '84 LE

Players

BillyRamone

  • Race: Terran Terran
  • League: Platinum
  • Spawn Location: 7:00

A.I. 1 (Very Easy) - Winner!

  • Race: Zerg Zerg
  • Spawn Location: 3:00

VOD

Have the link to the VOD?

Description

Time

  • Played on: July 18, 2019, 10:08 p.m.
  • Length: 3:28
Show
View Real Time Build Order
Export as new Build Order

BillyRamone Terran 

Build Orders:  

Get SALT Encoding   

  12  0:00  SCV  
  13  0:12  SCV  
  14  0:18  Supply Depot  
  14  0:25  SCV  
  15  0:28  Refinery  
  15  0:39  SCV  
  16  0:45  Barracks  
  16  0:51  SCV  
  16  0:56  Refinery  
  17  1:03  SCV  
  18  1:15  SCV  
  19  1:32  Barracks Reactor, Orbital Command  
  19  1:36  Factory  
  19  1:45  Supply Depot  
  19  1:57  SCV  
  20  2:10  SCV  
  20  2:11  Supply Depot  
  20  2:14  Marine  
  22  2:22  SCV  
  23  2:28  Hellion  
  23  2:29  Hellion  
  27  2:34  SCV  
  28  2:44  Command Center  
  28  2:52  Hellion  
  28  2:53  Hellion  
  28  2:55  SCV  
  33  3:08  SCV  
  33  3:09  Supply Depot  
  34  3:20  Factory Tech Lab  
  34  3:21  Starport  
Show
View Real Time Build Order
Export as new Build Order

A.I. 1 (Very Easy) Zerg - Winner!

Build Orders: Hatch First 

Get SALT Encoding   

  12  0:00  Drone  
  13  0:12  Overlord  
  13  0:17  Drone  
  14  0:41  Hatchery  
  13  0:45  Drone  
  14  1:04  Spawning Pool  
  13  1:07  Extractor, Drone  
  13  1:14  Drone  
  14  1:21  Overlord  
  14  1:51  Queen, Zergling x2  
  14  1:53  Zergling x2  
  18  2:00  Roach Warren  
  17  2:05  Drone  
  18  2:09  Extractor  
  18  2:12  Drone  
  18  2:17  Zergling x2  
  18  2:22  Drone  
  20  2:29  Drone  
  21  2:36  Drone  
  22  2:43  Drone  
  23  2:51  Drone  
  24  2:58  Drone  
Tags
 
Add a new tag
Caveats
  • Supply blocks, unpowered buildings, or Contaminate may cause inaccurate times.
  • Supply counts are checked every 10 seconds.